AoeStats
← Ouki-San

Arabia

505333349Analyzed
4v4 RM · 25d ago on Sep 8, 2026· 91m 11s· 8 players
Game mode
Random Map
Map size
Large (8 player)
Population
200
Speed
Normal
Resources
Standard
Victory
Conquest
Starting age
Dark Age
Ending age
Imperial Age
RankedLock teamsTeams togetherTeam positionsShared explorationLock speedFull tech treeHidden civsTurbo modeCheats
Victory
Defeat
🇨🇴 Chinese · Colombia
1261
+17
🇧🇷 Huns · Brazil
1243
+17
🇫🇷 Persians · France
1214
+18
🇫🇷 Saracens · France
1209
+19
🇺🇸 Maya · United States
1300
-19
🇺🇸 Magyars · United States
1291
-19
🇺🇸 Ethiopians · United States
1285
-18
🇸🇰 Vietnamese · Slovakia
1203
-15
K
3:30 Loom
10:10 Feudal Age
10:20 Man-at-Arms
11:09 Double-Bit Axe
15:21 Fletching
17:19 Padded Archer Armor
23:40 Castle Age
23:43 Crossbowman
25:19 Elite Skirmisher
27:32 Bodkin Arrow
31:40 Leather Archer Armor
31:49 Ballistics
32:34 Wheelbarrow
44:19 Bloodlines
45:23 Scale Barding Armor
47:35 Chain Barding Armor
50:57 Light Cavalry
55:57 Imperial Age
55:27 Coinage
56:29 Husbandry
55:54 Pikeman
57:41 Halberdier
58:59 Bracer
59:44 Forging
60:16 Guilds
60:49 Murder Holes
63:28 Caravan
64:13 Iron Casting
63:31 Capped Ram
65:51 Heavy Cavalry Archer
67:50 Parthian Tactics
68:12 Banking
69:31 Chemistry
71:38 Blast Furnace
71:12 Hussar
73:00 Plate Barding Armor
74:07 Siege Ram
76:59 Masonry
77:32 Scale Mail Armor
78:15 Hand Cart
79:27 Marauders
79:47 Elite Tarkan
83:46 Chain Mail Armor
89:06 Conscription
Sahraoui
6:39 Loom
9:22 Feudal Age
9:55 Double-Bit Axe
10:12 Horse Collar
16:49 Wheelbarrow
18:19 Forging
21:43 Castle Age
25:23 Bow Saw
25:28 Heavy Plow
36:49 Iron Casting
36:20 Scale Barding Armor
45:19 Imperial Age
48:56 Elite Mameluke
49:57 Conscription
49:00 Elite Skirmisher
49:45 Thumb Ring
49:43 Fletching
49:53 Padded Archer Armor
50:14 Chain Barding Armor
51:10 Blast Furnace
51:28 Ballistics
52:38 Bodkin Arrow
52:58 Leather Archer Armor
53:19 Plate Barding Armor
56:20 Chemistry
61:09 Bloodlines
61:00 Husbandry
62:40 Light Cavalry
BlackBullet6660
1:11 Loom
10:13 Feudal Age
11:59 Double-Bit Axe
14:11 Wheelbarrow
14:37 Loom
15:11 Padded Archer Armor
15:48 Fletching
20:35 Gold Mining
26:16 Castle Age
26:16 Crossbowman
26:56 Bodkin Arrow
33:30 Thumb Ring
Ouki-San
6:22 Loom
8:57 Feudal Age
9:22 Double-Bit Axe
11:28 Wheelbarrow
14:36 Horse Collar
20:32 Castle Age
18:47 Gold Mining
19:30 Bloodlines
20:04 Scale Barding Armor
21:30 Chain Barding Armor
21:22 Bow Saw
21:52 Heavy Plow
24:18 Town Watch
25:17 Forging
30:54 Iron Casting
30:47 Husbandry
31:12 Stone Mining
33:04 Gold Shaft Mining
33:15 Hand Cart
33:59 Fletching
38:20 Imperial Age
36:44 Light Cavalry
39:17 Plate Barding Armor
38:13 Cavalier
40:17 Conscription
40:08 Savar
42:59 Hussar
46:15 Blast Furnace
56:39 Citadels
61:03 Bodkin Arrow
62:49 Ballistics
63:30 Chemistry
62:41 Masonry
62:28 Murder Holes
73:19 Kamandaran
73:21 Padded Archer Armor
73:41 Scale Mail Armor
75:05 Crossbowman
75:52 Thumb Ring
76:44 Architecture
76:05 Guard Tower
86:07 Leather Archer Armor
brantosaurus
9:10 Feudal Age
8:14 Loom
11:09 Double-Bit Axe
11:06 Horse Collar
17:30 Wheelbarrow
23:00 Castle Age
21:14 Bloodlines
21:35 Gold Mining
23:03 Scale Barding Armor
23:05 Light Cavalry
24:49 Chain Barding Armor
26:13 Fletching
31:25 Husbandry
34:06 Town Watch
34:40 Hand Cart
39:20 Imperial Age
49:45 Bodkin Arrow
50:31 Plate Barding Armor
50:38 Bow Saw
51:52 Chemistry
51:29 Ballistics
51:10 Bracer
52:50 Two-Man Saw
52:42 Conscription
53:37 Elite Magyar Huszar
54:19 Corvinian Army
53:54 Cavalier
55:15 Masonry
55:11 Siege Engineers
54:47 Treadmill Crane
56:48 Hoardings
56:49 Heavy Plow
58:42 Crop Rotation
57:51 Paladin
59:46 Coinage
60:57 Banking
64:19 Pikeman
65:00 Scale Mail Armor
65:56 Chain Mail Armor
66:08 Town Patrol
65:57 Halberdier
66:46 Arson
76:29 Hussar
squeeman
8:09 Loom
10:24 Feudal Age
14:33 Double-Bit Axe
17:00 Fletching
17:11 Padded Archer Armor
19:31 Horse Collar
19:43 Gold Mining
25:04 Castle Age
25:07 Crossbowman
25:53 Thumb Ring
26:48 Bodkin Arrow
28:23 Wheelbarrow
29:14 Leather Archer Armor
30:51 Hand Cart
33:01 Bow Saw
32:54 Heavy Plow
32:57 Scale Mail Armor
33:08 Forging
33:24 Stone Mining
34:10 Gold Shaft Mining
34:19 Elite Skirmisher
39:00 Chain Mail Armor
39:21 Iron Casting
41:50 Imperial Age
40:06 Stone Shaft Mining
41:55 Arbalester
42:39 Bracer
43:10 Ring Archer Armor
42:53 Murder Holes
43:09 Masonry
45:54 Ballistics
53:45 Squires
70:53 Imperial Skirmisher
73:27 Two-Man Saw
75:43 Chemistry
rayquaza
11:39 Loom
13:25 Feudal Age
14:49 Double-Bit Axe
17:19 Castle Age
15:38 Double-Bit Axe
16:10 Scale Barding Armor
17:19 Forging
17:01 Gold Mining
17:40 Bloodlines
18:35 Wheelbarrow
18:30 Husbandry
21:30 Chain Barding Armor
23:28 Forging
24:57 Town Watch
37:10 Imperial Age
34:56 Hand Cart
35:35 Iron Casting
34:52 Fletching
35:02 Padded Archer Armor
37:53 Bodkin Arrow
37:59 Padded Archer Armor
37:35 Cavalier
40:04 Plate Barding Armor
38:58 Elite Battle Elephant
40:27 Paper Money
40:49 Ballistics
41:17 Bow Saw
42:01 Fortified Wall
42:52 Chemistry
41:34 Treadmill Crane
42:08 Chatras
42:34 Elite Rattan Archer
43:21 Light Cavalry
44:03 Bracer
44:18 Leather Archer Armor
44:58 Pikeman
45:38 Squires
45:24 Arson
45:40 Scale Mail Armor
46:10 Ring Archer Armor
46:40 Halberdier
48:47 Chain Mail Armor
49:46 Heavy Cavalry Archer
50:31 Thumb Ring
59:12 Plate Mail Armor
73:13 Elite Skirmisher
R3laxer
0:29 Loom
9:40 Feudal Age
11:19 Double-Bit Axe
13:36 Fletching
18:34 Horse Collar
22:18 Padded Archer Armor
26:02 Castle Age
24:20 Gold Mining
26:08 Crossbowman
26:55 Thumb Ring
27:37 Bodkin Arrow
28:38 Bow Saw
29:21 Ballistics
29:41 Wheelbarrow
37:25 Imperial Age
36:44 Leather Archer Armor
37:30 Arbalester
38:14 Bracer
39:42 Chemistry
63:46 Scale Mail Armor
65:15 Hand Cart
65:56 Squires
65:40 Eagle Warrior
67:06 Conscription
67:28 Chain Mail Armor
67:24 Forging
67:59 Elite Eagle Warrior
69:37 Plate Mail Armor
73:29 Pikeman
75:38 Iron Casting
Connection lost

Rejoining the realm…

Still unreachable

The connection could not be restored.

Session expired

The server has moved on; the page needs a fresh start.